 Dungeon Crawl Stone Soup version 0.30.0-5-g1a98f26d00 (webtiles) character file.

Game seed: 15625141209475196420

1439 NinjaNoafa the Cleaver (level 8, -1/66 (68) HPs)
             Began as a Hill Orc Fighter on May 8, 2023.
             Slain by a wight
             ... wielding a +4 halberd
              (6 damage)
             ... on level 5 of the Dungeon.
             The game lasted 00:10:09 (3821 turns).

NinjaNoafa the Cleaver (Hill Orc Fighter)           Turns: 3821, Time: 00:10:10

HP:   -1/66 (68)    AC: 12    Str: 21    XL:     8   Next: 74%
MP:   8/8           EV:  8    Int:  8    God:
Gold: 258           SH:  5    Dex: 10    Spells: 7/7 levels left

rFire   . . .        a - +0 war axe
rCold   . . .        c - +0 buckler
rNeg    . . .        x - +0 chain mail
rPois   .            u - +0 helmet
rElec   .            q - +0 cloak
rCorr   .            (no gloves)
SInv    .            (no boots)
Will    .....        (no amulet) Stlth
                     (no ring)
HPRegen 0.31/turn    (no ring)
MPRegen 0.11/turn

%: no passive effects
@: lightly drained
A: no striking features
a: no special abilities


You were on level 5 of the Dungeon.
You visited 1 branch of the dungeon, and saw 5 of its levels.
You also visited: Sewer.

You collected 258 gold pieces.

Inventory:

Hand Weapons
 a - a +0 war axe (weapon)
Missiles
 i - 4 boomerangs (quivered)
 r - 4 javelins
 v - 6 poisoned darts
Armour
 c - a +0 buckler (worn)
 q - a +0 cloak (worn)
 u - a +0 helmet (worn)
 x - a +0 chain mail (worn)
Scrolls
 b - 3 scrolls of fear {unknown}
 d - 2 scrolls of blinking
 e - 4 scrolls of teleportation
 h - 2 scrolls of immolation {unknown}
 k - a scroll of noise {unknown}
 m - a scroll of magic mapping {unknown}
 n - a scroll of poison {unknown}
 o - a scroll of brand weapon {unknown}
 p - a scroll of torment {unknown}
 t - a scroll of amnesia {unknown}
 w - 4 scrolls of vulnerability
 y - a scroll of enchant weapon {unknown}
 A - a scroll of enchant armour {unknown}
Potions
 f - 2 potions of magic
 g - 4 potions of curing
 l - a potion of degeneration
 s - a potion of attraction
 z - a potion of mutation
 B - a potion of might
Miscellaneous
 j - a box of beasts (inert)


   Skills:
 - Level 5.0 Fighting
 + Level 11.8 Axes
 - Level 5.0 Armour
 - Level 5.0 Shields


You had 7 spell levels left.
You didn't know any spells.
Your spell library contained the following spells:

 Spells                   Type           Power      Damage    Failure   Level
 Beastly Appendage        Tmut           0%         N/A       98%         1
 Wereblood                Tmut           0%         N/A       99%         2
 Spider Form              Tmut/Pois      0%         N/A       100%        3


Dungeon Overview and Level Annotations

Branches:
Dungeon (5/15) Zot: 26526   Sewer (visited)
 Temple: D:4-7

Altars:


Message History

The wight closely misses you.
You slash the wight!
The wight is heavily damaged.
The wight barely misses you.
You slash the wight!
You destroy the wight!
The wight hits you from afar with a +4 halberd.
* * * LOW HITPOINT WARNING * * *
You feel drained.
Your life force feels restored.
The wight closely misses you.
Items here: $ )) [.
You hit the wight.
The wight is moderately damaged.
The wight misses you.
You slash the wight!
The wight is severely damaged.
The wight hits you with a +4 halberd.
* * * LOW HITPOINT WARNING * * *
You barely miss the wight.
The wight is severely damaged.
You block the wight's attack.
You completely miss the wight.
The wight is severely damaged.
You block the wight's attack.
You hit the wight but do no damage.
The wight is severely damaged.
You barely miss the wight.
The wight is severely damaged.
The wight barely misses you. The wight hits you with a +4 halberd.
* * * LOW HITPOINT WARNING * * *
You feel drained.
* * * LOW HITPOINT WARNING * * *
Okay, then.
Throw: 4 boomerangs
Press: ? - help, Q - select action, (/) - cycle Shift-Dir - straight line, f/p - wight
Aim: a wight, wielding a +4 halberd and wearing a +0 robe (severely damaged, 57% to hit)
You throw a boomerang. The boomerang barely misses the wight.
The wight hits you with a +4 halberd.
You die...

#.##..##.###..#.......
.........# ##.#.......
.##.##.#.## #.###.....
...>##.#..# #.# #.....
..........# #.# #.....
+########'..# #.#
#..... #........#..#
#.# #....#
)+####z.#.## #...##
#.z..#@#.# #.#.#
#z##.#.#.# ...#.#
#.##.#.#.# .###...
#z...#.#.## #
.+####).#..###..
#........#......#
+########'.......
................
.....#..........


You could see a wight.

Vanquished Creatures
  Sigmund (D:2)
  Menkaure (D:5)
  Edmund (D:4)
  An ogre (D:2)
  A phantom (D:4)
  2 bullfrogs (Sewer)
  2 scorpions
  2 wights (D:5)
  2 hounds (D:5)
  2 orc priests (D:3)
  An iguana (D:4)
  Natasha (twice) (D:4)
  12 adders
  4 gnolls (D:4)
  A shadow imp (D:5)
  A worm (D:4)
  2 dart slugs
  6 orcs
  15 endoplasms
  17 giant cockroaches
  5 goblins
  4 hobgoblins
  3 jackals
  8 quokkas
  13 ball pythons
  5 bats
  10 frilled lizards
  5 kobolds
  4 rats
133 creatures vanquished.

Vanquished Creatures (collateral kills)
  An ogre (D:5)
1 creature vanquished.

Grand Total: 134 creatures vanquished

Notes
Turn   | Place    | Note
-------+----------+-------------------------------------------
     0 | D:1      | NinjaNoafa the Hill Orc Fighter began the quest for the
                  | Orb.
     0 | D:1      | Reached XP level 1. HP: 19/19 MP: 1/1
   253 | D:1      | Reached XP level 2. HP: 27/27 MP: 2/2
   343 | D:1      | Reached skill level 3 in Axes
  1116 | D:2      | Reached XP level 3. HP: 33/33 MP: 3/3
  1246 | D:2      | Noticed Sigmund
  1252 | D:2      | Killed Sigmund
  1253 | D:2      | Reached skill level 4 in Axes
  1253 | D:2      | Reached XP level 4. HP: 37/41 MP: 4/4
  1253 | D:2      | Reached XP level 5. HP: 42/47 MP: 5/5
  1463 | D:3      | Noticed an ogre
  1486 | D:2      | Killed an ogre
  1487 | D:2      | Reached skill level 5 in Fighting
  1487 | D:2      | Reached XP level 6. HP: 40/56 MP: 6/6
  1492 | D:2      | Reached skill level 5 in Axes
  1617 | D:3      | Reached skill level 5 in Armour
  1617 | D:3      | Reached skill level 5 in Shields
  2118 | D:4      | Noticed Edmund
  2134 | D:4      | Killed Edmund
  2135 | D:4      | Reached skill level 7 in Axes
  2135 | D:4      | Reached XP level 7. HP: 16/61 MP: 7/7
  2494 | D:4      | Noticed Natasha
  2498 | D:4      | Killed Natasha
  2811 | D:4      | Noticed Natasha
  2819 | D:4      | Killed Natasha
  2820 | D:4      | Reached skill level 8 in Axes
  2839 | D:5      | Entered Level 5 of the Dungeon
  2848 | D:5      | Noticed Menkaure
  3036 | D:5      | Killed Menkaure
  3037 | D:5      | Reached skill level 9 in Axes
  3037 | D:5      | Reached XP level 8. HP: 10/68 MP: 8/8
  3087 | D:5      | Found a glowing drain.
  3105 | Sewer    | Entered a sewer
  3471 | Sewer    | Reached skill level 10 in Axes
  3622 | D:5      | Reached skill level 11 in Axes
  3821 | D:5      | Slain by a wight

Illustrated notes

Levels and vault maps discovered:
D:1:      onia_arrival_mini_spirals, layout_basic
D:2:      layout_rooms, uniq_sigmund
D:3:      layout_rooms
D:4:      minmay_razor_zed, layout_gridville, serial_rivers,
          chequers_serial_rivers_small_3, chequers_serial_rivers_room_a,
          chequers_serial_rivers_room_a, chequers_serial_rivers_micro_c,
          uniq_natasha, uniq_edmund
D:5:      layout_rooms, cheibrodos_sewer_entry_drain, minivault_11,
          uniq_menkaure

Skill      XL: |  1  2  3  4  5  6  7  8 |
---------------+-------------------------+-----
Axes           | 3 4 7 9 11 | 11.8
Fighting       | 4 5 |  5.0
Armour         | 4 5 |  5.0
Shields        | 4 5 |  5.0

Action                     |  1- 3 |  4- 6 |  7- 9 || total
---------------------------+-------+-------+-------++-------
  Melee: War axe           |    66 |    82 |   232 ||   380
  Throw: Boomerang         |       |       |     2 ||     2
  Evoke: Box of beasts     |       |       |     1 ||     1
    Use: Potion            |     1 |     1 |     1 ||     3
         Scroll            |       |       |     7 ||     7
 Armour: Scale mail        |    30 |    36 |       ||    66
         Chain mail        |       |     6 |   163 ||   169
  Dodge: Dodged            |    40 |    40 |   114 ||   194
  Block: Buckler           |    15 |    18 |    81 ||   114
